 Dungeon Crawl Stone Soup version 0.22.1-6-g1668fe2c40 (webtiles) character file.

128 SunlessDungeon the Covert (level 5, -4/34 HPs)
             Began as an Octopode Assassin on Jan 25, 2019.
             Killed from afar by an orc wizard (8 damage)
             ... with a magic dart
             ... on level 2 of the Dungeon.
             The game lasted 00:02:22 (1723 turns).

SunlessDungeon the Covert (Octopode Assassin)       Turns: 1723, Time: 00:02:23

Health: -4/34      AC:  1    Str: 10    XL:     5   Next: 11%
Magic:  5/5        EV: 13    Int: 14    God:
Gold:   92         SH:  0    Dex: 14    Spells: 4/4 levels left

rFire    . . .     SeeInvis .   a - +2 dagger
rCold    . . .     Gourm    .   (no shield)
rNeg     . . .     Faith    .   (helmet restricted)
rPois    .         Spirit   .   (no amulet)
rElec    .         Reflect  .   (no ring)
rCorr    .         Harm     .   (no ring)
MR       .....                  (no ring)
Stlth    +++++.....             (no ring)
HPRegen  0.11/turn              (no ring)
MPRegen  0.09/turn              (no ring)
                                (no ring)
                                (no ring)

@: no status effects
A: almost no armour, stealthy swim, amphibious, 8 rings, constrict 8, camouflage
1, gelatinous body 1
a: no special abilities


You were on level 2 of the Dungeon.
You were hungry.

You visited 1 branch of the dungeon, and saw 3 of its levels.

You collected 92 gold pieces.

Inventory:

Hand Weapons
 a - a +2 dagger (weapon)
 b - a +0 blowgun
Missiles
 c - 44 poisoned needles
 d - 2 curare-tipped needles
Scrolls
 e - 2 scrolls of identify {unknown}
 h - a scroll of enchant armour {unknown}
 i - 2 scrolls of remove curse {unknown}
 l - a scroll of blinking {unknown}
 m - 2 scrolls of immolation {unknown}
 n - 2 scrolls of enchant weapon {unknown}
 o - a scroll of amnesia {unknown}
 p - a scroll of noise {unknown}
 q - 2 scrolls of teleportation {unknown}
Potions
 g - 2 potions of curing
 j - 2 potions of cancellation {unknown}
 k - a potion of agility {unknown}
Comestibles
 f - 4 rations


   Skills:
 + Level 2.3 Fighting
 + Level 2.6 Short Blades
 - Level 2.0 Throwing
 + Level 1.1 Dodging
 * Level 8.1 Stealth


You had 4 spell levels left.
You didn't know any spells.
Your spell library was empty.

Dungeon Overview and Level Annotations

Branches:
Dungeon (3/15)

Altars:
Okawaru


Innate Abilities, Weirdness & Mutations

You cannot wear most types of armour.
You are very stealthy in the water. (Stealth+)
You are amphibious.
You can wear up to eight rings at the same time.
You can use your tentacles to constrict eight enemies at once.
Your skin changes colour to match your surroundings (Stealth+).
Your rubbery body absorbs attacks. (AC +1, EV +1)


Message History

You grab the orc wizard.
The orc wizard is severely wounded.
You constrict the orc wizard.
The orc wizard casts a spell.
The orc wizard blinks free!
The orc wizard gestures wildly while chanting.
The orc wizard blinks!
The orc wizard hits you with a dagger. x2
* * * LOW HITPOINT WARNING * * *
You hit the orc wizard but do no damage.
You grab the orc wizard.
The orc wizard is severely wounded.
You feel yourself speed up.
You constrict the orc wizard. The orc wizard casts a spell at you.
The magic dart hits you!
* * * LOW HITPOINT WARNING * * *
The orc wizard gestures at you while chanting.
The magic dart hits you!
You die...

#.##########################
#....<......................
#.##########################
#.# ########## #.#
#........## #.# #.........#
#.#####.........######
#.##..[>...ยง.........#
#.##[##[...@....####.##
#.##.##)....o..## #..#
#.##.##........######.##
#.##.##........#..)....#
#.##.##........#.......# ###
#.##...........#.......###..
#.##..................[.....
#.##...#...#####............
#.......#.## #............


You could see an orc wizard.

Vanquished Creatures
  A worker ant (D:3)
  4 adders
  An ooze (D:1)
  2 worms (D:2)
  2 dart slugs (D:1)
  A leopard gecko (D:1)
  6 orcs
  2 giant cockroaches (D:1)
  3 hobgoblins
  A quokka (D:2)
  5 bats
  6 frilled lizards
  4 goblins
  9 kobolds
  6 rats
53 creatures vanquished.

Notes
Turn   | Place    | Note
-------+----------+-------------------------------------------
     0 | D:1      | SunlessDungeon the Octopode Assassin began the quest for
                  | the Orb.
     0 | D:1      | Reached XP level 1. HP: 14/14 MP: 1/1
    45 | D:1      | Reached XP level 2. HP: 3/19 MP: 2/2
   328 | D:1      | Reached skill level 6 in Stealth
   499 | D:1      | Reached XP level 3. HP: 18/24 MP: 3/3
   688 | D:2      | Found an iron altar of Okawaru.
   696 | D:2      | Reached skill level 7 in Stealth
   795 | D:2      | Reached XP level 4. HP: 24/29 MP: 4/4
  1369 | D:3      | Reached skill level 8 in Stealth
  1369 | D:3      | Reached XP level 5. HP: 12/34 MP: 5/5
  1723 | D:2      | Killed from afar by an orc wizard

Skill      XL: |  1  2  3  4 |
---------------+-------------+-----
Stealth        | 6 7 8 |  8.1
Fighting       | |  2.3
Short Blades   | |  2.6
Throwing       | |  2.0
Dodging        | |  1.1

Action                   |  1- 3 |  4- 6 || total
-------------------------+-------+-------++-------
Melee: Dagger            |    69 |    46 ||   115
       Constrict         |    15 |    12 ||    27
       Tentacles         |     6 |     8 ||    14
  Use: Potion            |       |     1 ||     1
 Stab: Sleeping          |    11 |     6 ||    17
  Eat: Chunk             |       |     2 ||     2
Armor: Skin              |     5 |     5 ||    10
Dodge: Dodged            |    26 |    22 ||    48
